 Dungeon Crawl Stone Soup version 0.30.0-30-g96aa6591b8 (webtiles) character file.

Game seed: 9425633079537333719

1561 Peloso the Slasher (level 8, 0/70 HPs)
             Began as a Minotaur Fighter on June 26, 2023.
             Was an Initiate of Okawaru.
             Succumbed to a water moccasin's poison
             ... on level 5 of the Dungeon.
             The game lasted 00:07:58 (4632 turns).

Peloso the Slasher (Minotaur Fighter)               Turns: 4632, Time: 00:07:59

Health: 0/70       AC:  8    Str: 21    XL:     8   Next: 58%
Magic:  7/7        EV: 10    Int:  5    God:    Okawaru [......]
Gold:   375        SH:  6    Dex: 12    Spells: 7/7 levels left

rFire   . . .        a - +1 long sword
rCold   . . .        c - +1 buckler
rNeg    . . .        b - +0 scale mail
rPois   .            (helmet restricted)
rElec   .            (no cloak)
rCorr   .            (no gloves)
SInv    .            (no boots)
Will    .....        (no amulet) Stlth
                     (no ring)
HPRegen 0.31/turn    (no ring)
MPRegen 0.10/turn

%: no passive effects
@: lethally poisoned (0 -> -18)
A: horns 2, retaliatory headbutt
a: Renounce Religion


You were on level 5 of the Dungeon.
You worshipped Okawaru.
Okawaru was noncommittal.
You visited 2 branches of the dungeon, and saw 6 of its levels.
You also visited: Ossuary.

You collected 375 gold pieces.

Inventory:

Hand Weapons
 a - a +1 long sword (weapon)
Armour
 b - a +0 scale mail (worn)
 c - a +1 buckler (worn)
Jewellery
 l - a ring of fire
 m - a ring of poison resistance
 x - a +4 ring of protection
Wands
 y - a wand of polymorph (5)
Scrolls
 j - a scroll of immolation {unknown}
 k - 6 scrolls of teleportation
 n - 2 scrolls of magic mapping
 o - 2 scrolls of enchant weapon
 p - a scroll of fear
 u - 3 scrolls of identify
 w - a scroll of summoning {unknown}
 z - a scroll of acquirement {unknown}
 A - a scroll of torment {unknown}
 B - a scroll of fog {unknown}
Potions
 d - a potion of might
 e - a potion of magic
 f - 2 potions of resistance {unknown}
 g - a potion of lignification {unknown}
 h - 3 potions of mutation {unknown}
 i - 4 potions of brilliance
 q - a potion of haste
 r - a potion of heal wounds
 s - 6 potions of curing
 t - 2 potions of attraction {unknown}
 v - a potion of invisibility {unknown}


   Skills:
 + Level 6.0 Fighting
 + Level 7.9 Long Blades
 + Level 7.7 Armour
 + Level 3.1 Dodging
 + Level 1.4 Stealth
 + Level 5.8 Shields


You had 7 spell levels left.
You didn't know any spells.
Your spell library contained the following spells:

 Spells                   Type           Power      Damage    Failure   Level
 Apportation              Tloc           0%         N/A       83%         1
 Ignite Poison            Fire/Tmut/Pois 0%         N/A       99%         3
 Sticky Flame             Conj/Fire      0%         2d3       100%        4
 Alistair's Intoxication  Tmut/Pois      0%         N/A       100%        5
 Ignition                 Fire           0%         3d3       100%        8


Dungeon Overview and Level Annotations

Branches:
Dungeon (5/15)             Temple (1/1) D:5         Ossuary (visited)

Altars:
Fedhas
Hepliaklqana
Kikubaaqudgha
Okawaru
Ru
Uskayaw
Yredelemnul
Zin
The Shining One

Annotations:
D:5 3 runed translucent doors, toph's ghost, amateur DrCj


Innate Abilities, Weirdness & Mutations

You have a pair of horns on your head.
You reflexively headbutt those who attack you in melee.


Message History

a +0 spear; a gnoll corpse You hit the gnoll but do no damage.
Your headbutt misses the gnoll. The gnoll hits you with a +0 club.
The gnoll bouda barely misses you. You furiously retaliate!
You headbutt the gnoll bouda, but do no damage.
The gnoll hits you with a +0 halberd.
You slash the gnoll! Your headbutt misses the gnoll.
The gnoll is severely wounded.
The gnoll hits you but does no damage. You block the gnoll bouda's attack.
The gnoll hits you with a +0 halberd.
Unknown command.
The gnoll hits you from afar with a +0 halberd.
The gnoll bouda hits you but does no damage.
You see here a +0 spear.
The gnoll bouda closely misses you. The gnoll hits you with a +0 club!
You hit the gnoll but do no damage.
The gnoll is severely wounded.
The gnoll is no longer moving quickly.
The gnoll closely misses you. You furiously retaliate!
You headbutt the gnoll!
You kill the gnoll!
Okawaru accepts your kill.
The gnoll bouda barks out a call to the hunt!
The gnoll picks up the pace!
The water moccasin attacks as you move away!
You block the water moccasin's attack.
Your attacks no longer feel as feeble.
The water moccasin bites you.
You are poisoned.
The water moccasin poisons you!
You feel very sick.
You feel very sick. The water moccasin bites you!
* * * LOW HITPOINT WARNING * * *
You are lethally poisoned!
The water moccasin poisons you!
* * * LOW HITPOINT WARNING * * *
You feel very sick.
The gnoll bouda barks out a call to the hunt!
You die...

##########
#..#.....#
#..#(...(#
##..+$.(..#
#...+....(########
#...+.(...#......#
#...#...(.#.####.#
#...#♣..8.#.# #@#
#.#.#######.# #.#
#.#.#.#.# #.# #S#
#.#.....###.# #.#
..###.......# #.#
....#########
#.####
.##.##.....#
#.g..#
.##.##.....#
####.#
...........#
####)####


You could see a water moccasin and a gnoll bouda.

Vanquished Creatures
  Sigmund (D:4)
  Menkaure (D:5)
  Edmund (D:5)
  A black bear (D:3)
  9 scorpions (Ossuary)
  2 centaur zombies (Ossuary)
  3 human zombies (Ossuary)
  An orc priest (D:5)
  2 hounds (D:5)
  An iguana (D:4)
  3 orc wizards
  A scorpion zombie (Ossuary)
  4 mummies
  7 gnolls
  2 adders
  A dart slug (D:1)
  13 orcs
  An endoplasm (D:3)
  2 giant cockroaches
  4 goblins
  8 hobgoblins
  3 quokkas
  5 ball pythons
  5 bats
  2 frilled lizards
  4 gnoll zombies (Ossuary)
  A hobgoblin zombie (Ossuary)
  6 kobolds
  3 kobold zombies
  3 orc zombies
  A rat (D:1)
101 creatures vanquished.

Notes
Turn   | Place    | Note
-------+----------+-------------------------------------------
     0 | D:1      | Peloso the Minotaur Fighter began the quest for the Orb.
     0 | D:1      | Reached XP level 1. HP: 19/19 MP: 0/0
   226 | D:1      | Reached XP level 2. HP: 25/27 MP: 1/1
  1366 | D:2      | Reached XP level 3. HP: 33/33 MP: 2/2
  1671 | D:3      | Found a sacrificial altar of Ru.
  1810 | D:3      | Reached XP level 4. HP: 29/40 MP: 3/3
  1860 | D:3      | Noticed a black bear
  1877 | D:3      | Killed a black bear
  1878 | D:3      | Reached skill level 5 in Armour
  1878 | D:3      | Reached XP level 5. HP: 11/46 MP: 4/4
  2331 | D:3      | Found a glowing silver altar of Zin.
  2463 | D:4      | Noticed Sigmund
  2470 | D:4      | Killed Sigmund
  2471 | D:4      | Reached skill level 1 in Dodging
  2471 | D:4      | Reached XP level 6. HP: 53/53 MP: 5/5
  2505 | D:4      | Found a sand-covered staircase.
  2513 | Ossuary  | Entered an ossuary
  2625 | Ossuary  | Reached skill level 5 in Long Blades
  2625 | Ossuary  | Reached skill level 5 in Shields
  2649 | Ossuary  | Reached XP level 7. HP: 56/60 MP: 6/6
  2800 | Ossuary  | Reached skill level 5 in Fighting
  2810 | Ossuary  | HP: 3/61 [mummy (13)]
  3151 | Ossuary  | Reached skill level 1 in Stealth
  3151 | Ossuary  | Reached XP level 8. HP: 57/68 MP: 7/7
  3386 | D:4      | Identified the +1 short sword of Remiocyuka {drain, rElec
                  | rN++ Str-3 Stlth+}
  3732 | D:4      | Found a glowing golden altar of the Shining One.
  3862 | D:5      | Entered Level 5 of the Dungeon
  3917 | D:5      | Noticed Menkaure
  3918 | D:5      | Found a staircase to the Ecumenical Temple.
  3926 | D:5      | Killed Menkaure
  4020 | Temple   | Entered the Ecumenical Temple
  4166 | Temple   | Became a worshipper of Warmaster Okawaru
  4350 | D:5      | Noticed Edmund
  4357 | D:5      | Killed Edmund
  4561 | D:5      | Found a runed translucent gate.
  4562 | D:5      | Found a runed translucent gate.
  4562 | D:5      | Found a runed translucent gate.
  4563 | D:5      | Noticed toph's ghost (amateur DrCj)
  4632 | D:5      | Succumbed to a water moccasin's poison

Illustrated notes

Levels and vault maps discovered:
D:1:      dpeg_arrival_arbitrary_c, layout_basic, glass_columns_b
D:2:      layout_loops_corners, kennysheep_path_1
D:3:      layout_rooms, zin_scriptorium, nicolae_ru_great_annihilating_truth,
          corexii_leaking_fountain, chequers_serial_rivers_large_b
D:4:      layout_rooms, tso_oasis_becter, nicolae_ossuary_entry_giza,
          dreamdust_wishing_well, palyth_stone_intersect, uniq_sigmund
D:5:      layout_loops_cross, nemelex_diamond_rough_becter,
          minmay_temple_entry_sparse_star, ebering_ghost_rock_garden,
          uniq_menkaure, uniq_edmund
Temple:   bh_familiar_temple

Skill      XL: |  1  2  3  4  5  6  7  8 |
---------------+-------------------------+-----
Armour         | 4 5 6 7 |  7.7
Fighting       | 4 5 6 |  6.0
Shields        | 4 5 |  5.8
Long Blades    | 3 4 5 7 |  7.9
Dodging        | 1 2 3 |  3.1
Stealth        | 1 |  1.4

Action                     |  1- 3 |  4- 6 |  7- 9 || total
---------------------------+-------+-------+-------++-------
  Melee: Long sword        |    84 |    68 |   158 ||   310
         Headbutt          |    13 |    16 |    31 ||    60
    Use: Scroll            |     6 |     2 |     3 ||    11
         Potion            |     1 |       |     3 ||     4
   Stab: Paralysed         |     1 |       |       ||     1
 Armour: Scale mail        |    35 |    43 |    60 ||   138
  Dodge: Dodged            |    33 |    42 |   104 ||   179
  Block: Buckler           |    27 |    21 |    59 ||   107
